Map: Cerulean Fall LE

Players

Serral

  • Race: Zerg Zerg
  • League: Master
  • Spawn Location: 7:00

lIIllllIIlll (INnoVation) - Winner!

  • Race: Terran Terran
  • League: Master
  • Spawn Location: 1:00

Event: HomeStory Cup XVIII

VOD

Have the link to the VOD?

Description

Time

  • Played on: Nov. 25, 2018, 4:14 p.m.
  • Length: 3:52

All games in this series

Show
View Real Time Build Order
Export as new Build Order

Serral Zerg 

Build Orders: Hatch First 

Get SALT Encoding   

  12  0:00  Drone  
  13  0:13  Overlord  
  13  0:17  Drone  
  14  0:31  Drone x2  
  16  0:49  Hatchery  
  15  0:51  Drone  
  15  0:55  Drone  
  17  0:58  Drone  
  18  1:13  Spawning Pool  
  18  1:17  Drone  
  18  1:21  Drone  
  19  1:29  Drone  
  20  2:01  Queen, Spine Crawler  
  22  2:02  Zergling x6  
  22  2:08  Zergling x2  
  25  2:14  Zergling x2  
  21  2:26  Zergling x2  
  20  2:36  Drone  
  16  2:48  Drone  
  16  2:50  Zergling x2  
  18  2:55  Zergling x2  
  19  3:00  Zergling x2  
  21  3:05  Zergling x2  
  21  3:11  Zergling x2  
  22  3:15  Zergling x2  
  23  3:20  Zergling x2  
  17  3:29  Zergling x2  
Show
View Real Time Build Order
Export as new Build Order

lIIllllIIlll Terran - Winner!

Build Orders:  

Get SALT Encoding   

  12  0:00  SCV  
  13  0:12  SCV  
  14  0:17  Supply Depot  
  14  0:24  SCV  
  15  0:39  Barracks  
  15  0:51  Barracks  
  15  1:03  Barracks  
  15  1:08  SCV  
  16  1:26  Marine, Orbital Command  
  17  1:39  Marine  
  18  1:44  Marine  
  19  1:53  Supply Depot  
  19  1:57  Marine  
  20  2:02  Marine, Bunker  
  20  2:05  Marine  
  22  2:09  Bunker  
  20  2:17  Marine  
  20  2:20  Marine  
  20  2:22  SCV  
  21  2:36  Marine x2, SCV  
  23  2:37  Marine  
  23  2:40  Supply Depot  
  23  2:54  Marine x2  
  23  2:55  Marine  
  26  3:12  Marine x2  
  28  3:14  Marine  
  26  3:30  Marine  
Tags
 
Add a new tag
Caveats
  • Supply blocks, unpowered buildings, or Contaminate may cause inaccurate times.
  • Supply counts are checked every 10 seconds.